Map: 瑟拉斯遺跡

Players

Expect

  • Race: Terran Terran
  • League: Master

Fist - Winner!

  • Race: Zerg Zerg

Event: 2016 WCS Winter Challenger Taiwan

VOD

Have the link to the VOD?

Description

Time

  • Played on: Jan. 9, 2016, 6:31 a.m.
  • Length: 8:13

All games in this series

Show
View Real Time Build Order
Export as new Build Order

Expect Terran 

Build Orders: Reaper Expand, Hellion Banshee 

Get SALT Encoding   

  12  0:00  SCV  
  13  0:12  SCV  
  14  0:18  Supply Depot  
  14  0:25  SCV  
  15  0:40  SCV  
  15  0:41  Barracks  
  16  0:46  Refinery  
  16  0:52  SCV  
  17  1:04  SCV  
  18  1:16  SCV  
  19  1:28  Orbital Command  
  19  1:30  Reaper  
  20  1:45  Command Center  
  20  1:54  SCV  
  20  1:59  Supply Depot  
  21  2:06  SCV  
  22  2:14  Factory  
  23  2:25  Refinery, SCV  
  23  2:26  Barracks Reactor  
  23  2:38  SCV  
  24  2:50  SCV  
  25  3:02  SCV  
  25  3:04  Starport  
  26  3:07  Orbital Command  
  26  3:14  SCV  
  26  3:15  Hellion x2  
  26  3:17  Barracks Tech Lab  
  31  3:26  SCV  
  32  3:32  Supply Depot  
  32  3:36  Hellion  
  32  3:37  Hellion  
  32  3:38  SCV x2  
  38  3:49  Cloaking Field  
  38  3:50  Banshee, SCV  
  38  3:52  Marine  
  43  3:57  SCV  
  43  4:01  Hellion  
  43  4:02  SCV  
  47  4:05  Hellion  
  45  4:17  SCV  
  45  4:18  SCV  
  45  4:22  Supply Depot, Hellion  
  45  4:23  Barracks Tech Lab  
  49  4:30  Hellion  
  51  4:33  Banshee  
  54  4:43  Supply Depot  
  54  4:44  SCV x2  
  56  4:51  Marine  
  57  4:53  Stimpack  
  57  4:56  SCV x2  
  59  5:08  Command Center, SCV x2  
  61  5:20  SCV x2  
  63  5:23  Factory Reactor  
  63  5:25  Barracks x2  
  63  5:32  SCV x2  
  63  5:33  Bunker  
  65  5:37  Supply Depot  
  65  5:39  Supply Depot, Marine  
  66  5:44  SCV x2  
  66  5:47  Supply Depot  
  68  5:50  Starport Reactor  
  68  5:52  Engineering Bay x2  
  68  5:58  SCV  
  68  6:05  Marine  
  68  6:08  SCV  
  68  6:10  SCV  
  60  6:15  Marine x3  
  56  6:20  SCV  
  56  6:22  SCV  
  56  6:23  Marine  
  47  6:33  SCV, Marine  
  47  6:34  SCV  
  42  6:45  SCV  
  42  6:46  SCV  
  42  6:52  Marine x2  
  44  6:55  Supply Depot  
  44  6:59  Marine x2  
  40  7:10  Marine x2  
  39  7:16  Marine  
  39  7:17  Marine  
  40  7:28  Marine x2  
  41  7:31  Missile Turret  
  41  7:34  Marine x2  
  43  7:41  Bunker  
  39  7:45  Marine  
  39  7:46  Marine  
  39  7:50  Hellion x2  
  43  7:52  Marine x2  
  43  7:53  Missile Turret  
Show
View Real Time Build Order
Export as new Build Order

Fist Zerg - Winner!

Build Orders: Hatch First 

Get SALT Encoding   

  12  0:00  Drone  
  13  0:10  Drone  
  14  0:19  Overlord  
  14  0:30  Extractor  
  14  0:31  Drone  
  15  0:39  Drone x2  
  17  0:57  Hatchery  
  17  1:02  Drone  
  17  1:03  Drone  
  18  1:18  Spawning Pool  
  18  1:23  Drone  
  18  1:24  Extractor  
  17  1:28  Drone  
  17  1:31  Drone  
  19  1:45  Overlord  
  19  1:59  Drone  
  20  2:06  Queen  
  20  2:07  Extractor  
  20  2:08  Zergling x2, Queen  
  22  2:15  Zergling x4  
  27  2:18  Extractor  
  27  2:22  Drone x2  
  29  2:32  Metabolic Boost  
  29  2:36  Extractor  
  28  2:38  Drone x2  
  29  2:53  Drone x2  
  29  2:54  Drone x2  
  33  3:04  Overlord  
  33  3:11  Zergling x2  
  33  3:15  Overlord  
  33  3:17  Zergling x2  
  34  3:22  Zergling x2  
  34  3:23  Zergling x10  
  40  3:33  Drone  
  41  3:35  Drone  
  41  3:37  Hatchery  
  41  3:45  Drone  
  41  3:46  Drone  
  43  3:53  Overlord  
  43  3:54  Drone  
  43  3:55  Drone x4  
  48  3:57  Drone  
  48  4:01  Drone  
  44  4:17  Drone x4, Queen  
  44  4:21  Extractor  
  44  4:22  Lair, Extractor  
  48  4:33  Zergling x8  
  48  4:36  Spore Crawler  
  51  4:39  Spore Crawler  
  49  4:53  Zergling x14  
  55  5:01  Overlord  
  55  5:02  Spine Crawler  
  53  5:09  Extractor  
  52  5:20  Drone x2  
  52  5:21  Drone x5, Queen  
  59  5:24  Spire  
  61  5:28  Drone x4  
  64  5:44  Drone x5  
  68  5:57  Overseer  
  68  6:04  Zergling x14  
  68  6:05  Overlord  
  67  6:12  Queen  
  67  6:15  Queen  
  67  6:17  Zergling x10  
  67  6:28  Zergling x6  
  58  6:41  Mutalisk x4  
  58  6:46  Queen  
  59  6:56  Mutalisk x3  
  58  7:07  Zergling x10  
  58  7:24  Overseer  
  58  7:25  Queen x3  
  58  7:26  Drone x4  
  58  7:27  Drone x3  
  65  7:45  Zergling x14  
  70  7:56  Drone x3  
Tags
 
Add a new tag
Caveats
  • Supply blocks, unpowered buildings, or Contaminate may cause inaccurate times.
  • Supply counts are checked every 10 seconds.